Map: Jagannatha LE

Players

SKillous

  • Race: Protoss Protoss
  • League: Grandmaster

AGOElazer (Elazer) - Winner!

  • Race: Zerg Zerg
  • League: Grandmaster

Event: DreamHack SC2 Masters 2021 Summer

VOD

Have the link to the VOD?

Description

Time

  • Played on: June 3, 2021, 9:38 a.m.
  • Length: 10:19

All games in this series

Show
View Real Time Build Order
Export as new Build Order

SKillous Protoss 

Build Orders: 1 Gate Expand, Oracle Opening, Archon Immortal 

Get SALT Encoding   

  12  0:00  Probe  
  13  0:12  Probe  
  14  0:19  Pylon  
  14  0:24  Probe  
  15  0:37  Probe (Chrono Boost)  
  15  0:40  Gateway  
  16  0:44  Assimilator  
  16  0:47  Probe (Chrono Boost)  
  17  0:53  Probe  
  18  1:05  Probe  
  19  1:18  Probe  
  20  1:26  Nexus  
  20  1:37  Cybernetics Core  
  20  1:40  Probe  
  20  1:46  Assimilator  
  21  1:52  Probe  
  22  1:55  Pylon  
  22  2:04  Probe  
  23  2:10  Adept (Chrono Boost)  
  25  2:16  Probe (Chrono Boost)  
  25  2:17  Stargate  
  26  2:23  Warp Gate  
  26  2:28  Probe (Chrono Boost)  
  27  2:33  Adept  
  27  2:34  Probe (Chrono Boost)  
  30  2:39  Probe (Chrono Boost)  
  32  2:48  Probe x2 (Chrono Boost)  
  33  2:53  Probe (Chrono Boost)  
  33  2:54  Void Ray (Chrono Boost), Probe  
  39  3:05  Probe  
  39  3:08  Probe  
  39  3:12  Pylon  
  41  3:17  Probe  
  42  3:21  Probe  
  42  3:23  Gateway  
  42  3:26  Adept  
  45  3:30  Probe  
  45  3:33  Probe (Chrono Boost)  
  45  3:34  Oracle  
  50  3:45  Probe (Chrono Boost)  
  50  3:46  Probe (Chrono Boost)  
  50  3:48  Assimilator  
  52  3:49  Assimilator  
  52  3:50  Pylon  
  52  3:53  Probe (Chrono Boost)  
  53  3:57  Stargate  
  53  3:58  Probe (Chrono Boost)  
  54  4:08  Probe  
  55  4:10  Probe  
  55  4:16  Pylon  
  56  4:21  Void Ray (Chrono Boost)  
  56  4:23  Probe x2  
  62  4:30  Nexus  
  62  4:31  Void Ray (Chrono Boost)  
  62  4:33  Pylon  
  62  4:38  Probe  
  63  4:42  Probe  
  68  4:51  Pylon  
  68  4:53  Void Ray (Chrono Boost)  
  72  5:00  Protoss Air Weapons Level 1, Probe x2  
  74  5:08  Adept x2  
  74  5:10  Pylon  
  74  5:13  Probe  
  74  5:15  Probe  
  74  5:20  Pylon  
  75  5:25  Probe  
  75  5:27  Probe  
  81  5:29  Void Ray (Chrono Boost)  
  81  5:35  Forge  
  81  5:36  Void Ray (Chrono Boost), Twilight Council, Shield Battery, Assimilator  
  81  5:37  Probe  
  81  5:39  Assimilator  
  81  5:42  Probe (Chrono Boost)  
  79  5:47  Probe (Chrono Boost)  
  85  5:54  Probe (Chrono Boost)  
  85  5:55  Shield Battery, Probe (Chrono Boost)  
  87  5:58  Probe (Chrono Boost)  
  87  5:59  Void Ray (Chrono Boost)  
  87  6:01  Probe (Chrono Boost)  
  87  6:03  Probe (Chrono Boost)  
  89  6:05  Probe (Chrono Boost)  
  96  6:12  Void Ray  
  96  6:13  Probe (Chrono Boost), Protoss Ground Weapons Level 1  
  96  6:14  Charge, Probe (Chrono Boost)  
  97  6:19  Probe (Chrono Boost)  
  97  6:23  Probe  
  102  6:27  Pylon  
  102  6:29  Probe  
  103  6:34  Templar Archives  
  103  6:37  Probe  
  100  6:41  Gateway  
  100  6:42  Gateway  
  100  6:47  Gateway  
  100  6:49  Gateway  
  100  6:50  Psionic Storm  
  100  6:52  Robotics Facility  
  100  7:02  Gateway  
  100  7:04  Gateway, Photon Cannon  
  100  7:07  Shield Battery  
  100  7:08  Gateway x2  
  100  7:10  Gateway  
  100  7:16  High Templar x2  
  100  7:18  Probe  
  105  7:29  Gateway  
  105  7:32  Pylon  
  105  7:33  Pylon  
  105  7:36  High Templar  
  107  7:40  High Templar  
  107  7:41  Immortal (Chrono Boost)  
  113  7:48  Shield Battery  
  113  7:50  Probe  
  113  7:51  Photon Cannon  
  113  7:52  Pylon  
  113  7:53  High Templar x2  
  113  7:57  Archon  
  97  8:10  Zealot x4  
  98  8:14  Archon  
  98  8:15  Immortal  
  98  8:17  Zealot x2  
  102  8:24  Zealot  
  102  8:27  Zealot x2  
  96  8:31  Zealot x4  
  96  8:36  Probe x2  
  96  8:37  Probe  
  96  8:38  Zealot  
  90  8:44  Zealot  
  90  8:47  Zealot x2  
  90  8:51  Zealot x4  
  90  8:55  Immortal (Chrono Boost)  
  93  8:59  Zealot  
  93  9:00  Probe (Chrono Boost)  
  93  9:01  Probe (Chrono Boost)  
  82  9:05  Probe (Chrono Boost)  
  82  9:08  High Templar x2  
  82  9:09  High Templar  
  86  9:10  Probe (Chrono Boost)  
  86  9:11  Probe (Chrono Boost)  
  86  9:14  Pylon, Shield Battery  
  86  9:15  High Templar x3  
  92  9:17  Zealot  
  94  9:24  Zealot  
  96  9:31  Immortal (Chrono Boost)  
  96  9:37  Archon x3  
  100  9:40  Zealot  
  100  9:41  Zealot x3  
  100  9:45  Zealot  
  97  9:49  Zealot x3  
  101  10:02  Zealot x4  
  93  10:10  Zealot x4  
Show
View Real Time Build Order
Export as new Build Order

AGOElazer Zerg - Winner!

Build Orders: Hatch First 

Get SALT Encoding   

  12  0:00  Drone  
  13  0:12  Overlord  
  13  0:16  Drone  
  14  0:30  Drone x2  
  16  0:48  Hatchery  
  15  0:51  Drone  
  15  0:55  Drone  
  17  0:58  Drone  
  18  1:11  Extractor  
  18  1:14  Spawning Pool  
  18  1:17  Drone  
  17  1:25  Drone  
  18  1:30  Drone  
  19  1:41  Drone  
  20  1:48  Hatchery  
  20  1:52  Drone  
  20  2:01  Drone  
  21  2:04  Queen  
  23  2:08  Drone  
  23  2:11  Drone  
  25  2:17  Overlord  
  25  2:24  Queen  
  25  2:27  Drone  
  28  2:36  Zergling x2  
  29  2:37  Drone x2  
  29  2:41  Queen  
  33  2:47  Drone x2  
  33  2:50  Metabolic Boost  
  35  2:54  Drone  
  36  3:00  Overlord  
  36  3:03  Queen  
  38  3:06  Drone  
  38  3:09  Drone  
  38  3:10  Drone  
  38  3:11  Drone  
  42  3:18  Queen  
  44  3:20  Drone  
  44  3:21  Drone  
  46  3:29  Spore Crawler, Drone x3  
  49  3:34  Drone x2  
  49  3:37  Overlord  
  50  3:42  Overlord x2  
  50  4:00  Zergling x6, Queen  
  50  4:02  Drone x6  
  61  4:07  Drone  
  62  4:11  Drone x3  
  62  4:13  Drone  
  66  4:20  Overlord  
  66  4:25  Overlord, Extractor  
  66  4:26  Roach Warren  
  66  4:27  Zergling x4  
  65  4:38  Drone x8  
  65  4:42  Lair  
  65  4:43  Overlord  
  65  4:44  Drone x2  
  75  4:45  Extractor  
  75  4:50  Drone x4  
  75  4:52  Spore Crawler  
  77  4:53  Drone x2  
  77  4:59  Queen, Extractor  
  80  5:00  Overlord  
  80  5:08  Overlord  
  80  5:09  Drone x4  
  84  5:15  Drone x4  
  84  5:16  Queen  
  84  5:19  Zergling x6  
  84  5:20  Drone x2  
  95  5:24  Extractor  
  95  5:26  Evolution Chamber  
  93  5:30  Drone x2  
  93  5:35  Drone x4  
  96  5:37  Queen  
  96  5:39  Hatchery, Drone  
  97  5:45  Infestation Pit  
  97  5:46  Hydralisk Den, Drone x3  
  97  5:47  Drone x2  
  101  5:51  Baneling Nest, Extractor  
  101  5:52  Zerg Missile Weapons Level 1  
  101  5:53  Overlord  
  101  5:54  Drone x4  
  103  5:58  Queen  
  103  6:00  Overlord  
  103  6:03  Zergling x2  
  106  6:05  Spore Crawler  
  106  6:07  Zergling x4, Spore Crawler  
  106  6:14  Overlord  
  106  6:20  Muscular Augments, Overlord  
  106  6:26  Drone x7  
  106  6:29  Overlord  
  113  6:34  Hydralisk x6  
  113  6:38  Centrifical Hooks  
  125  6:41  Hydralisk  
  125  6:44  Overlord  
  127  6:49  Hydralisk x3  
  127  6:53  Hydralisk x2  
  135  6:56  Hydralisk  
  135  7:00  Hydralisk x3  
  144  7:07  Hydralisk x2  
  147  7:09  Overlord  
  147  7:11  Hydralisk  
  147  7:14  Zergling x14  
  156  7:23  Zergling x2  
  156  7:24  Zergling x4  
  156  7:25  Overlord  
  159  7:30  Overseer  
  159  7:31  Grooved Spines  
  159  7:35  Baneling x13  
  158  7:39  Zergling x20  
  165  7:45  Zergling x16  
  165  7:47  Baneling x7  
  165  7:50  Zergling x6  
  164  8:03  Hydralisk x5  
  172  8:07  Zergling x6  
  162  8:15  Hydralisk x4  
  162  8:18  Zergling x6, Queen x3  
  167  8:25  Hydralisk x2  
  158  8:28  Queen  
  158  8:29  Hydralisk x2  
  153  8:39  Hydralisk x3  
  145  8:43  Hydralisk  
  145  8:47  Zergling x2  
  145  8:48  Zergling x8  
  148  8:54  Hydralisk x2  
  134  9:03  Queen x2  
  134  9:04  Queen  
  134  9:07  Zergling x8  
  134  9:09  Hatchery  
  139  9:10  Zergling x6  
  139  9:14  Queen  
  139  9:16  Zergling x2  
  145  9:18  Baneling x10  
  145  9:22  Extractor  
  144  9:25  Zergling x8  
  144  9:30  Zergling x2  
  149  9:31  Baneling x12  
  149  9:32  Baneling  
  149  9:33  Zergling x16  
  149  9:37  Zergling x8, Hatchery  
  157  9:39  Queen  
  153  9:46  Zergling x12  
  153  9:50  Zergling x2  
  158  9:53  Zergling x2  
  158  9:55  Baneling x18  
  158  9:56  Baneling x2  
  158  9:58  Zergling x6  
Tags
 
Add a new tag
Caveats
  • Supply blocks, unpowered buildings, or Contaminate may cause inaccurate times.
  • Supply counts are checked every 10 seconds.